 Dungeon Crawl Stone Soup version 0.21.1-1-g345015f (webtiles) character file.

187 keltmir the Poker (level 5, -5/41 HPs)
             Began as a Demonspawn Gladiator on Mar 25, 2018.
             Splashed by a jelly's acid (8 damage)
             ... on level 2 of the Dungeon.
             The game lasted 00:05:36 (1086 turns).

keltmir the Poker (Demonspawn Gladiator)            Turns: 1086, Time: 00:05:39

Health: -5/41      AC: -4    Str: 16    XL:     5   Next: 39%
Magic:  0/5        EV: 14    Int:  9    God:
Gold:   87         SH:  0    Dex: 14    Spells: 4/4 levels left

rFire    . . .     SeeInvis .   a - +0 trident
rCold    . . .     Gourm    .   (no shield)
rNeg     . . .     Faith    .   b - +0 leather armour
rPois    .         Spirit   +   (helmet restricted)
rElec    .         Reflect  .   (no cloak)
rCorr    .         Harm     .   (no gloves)
MR       .....                  (no boots)
Stlth    +.........             (no amulet)
HPRegen  0.13/turn              (no ring)
MPRegen  0.09/turn              (no ring)

@: corroded
A: horns 1, repulsion field 1, magic shield
a: no special abilities


You were on level 2 of the Dungeon.
You were not hungry.

You visited 1 branch of the dungeon, and saw 2 of its levels.

You collected 87 gold pieces.

Inventory:

Hand Weapons
 a - a +0 trident (weapon)
Missiles
 d - a throwing net
 l - 3 tomahawks (quivered)
 o - 7 stones
Armour
 b - a +0 leather armour (worn)
 c - a +0 helmet
 m - a +0 pair of gloves
 n - a +0 ring mail
Scrolls
 i - 2 scrolls of remove curse
 k - a scroll of fog {unknown}
Potions
 e - a potion of lignification {unknown}
 h - 3 potions of flight {unknown}
 j - a potion of ambrosia {unknown}
Comestibles
 f - 5 rations


   Skills:
 + Level 3.2 Fighting
 * Level 4.4 Polearms
 - Level 1.7 Throwing
 + Level 2.1 Armour
 - Level 2.6 Dodging


You had 4 spell levels left.
You didn't know any spells.

Dungeon Overview and Level Annotations

Branches:
Dungeon (2/15)

Altars:


Innate Abilities, Weirdness & Mutations

You have a pair of small horns on your head.
You are surrounded by a mild repulsion field. (EV +2)
When hurt, damage is shared between your health and your magic reserves.


Message History

The ooze is heavily wounded.
The ooze barely misses you.
You hit the ooze.
You kill the ooze!
The jelly hits you.
You are splashed with acid!
The acid burns!
You hit the jelly. The acid corrodes you!
Your hands burn!
* * * LOW HITPOINT WARNING * * *
The jelly is lightly wounded.
The jelly closely misses you.
You hit the jelly. The acid corrodes you!
Your hands burn!
* * * LOW HITPOINT WARNING * * *
The jelly is lightly wounded.
The jelly barely misses you.
You hit the jelly but do no damage.
Your hands burn!
* * * LOW HITPOINT WARNING * * *
The jelly is lightly wounded.
The jelly hits you.
* * * LOW HITPOINT WARNING * * *
You are splashed with acid!
The acid burns!
You die...

.........#
#..........#....###..
.........#
###############......
....###### ### #......
....# #######.##.÷...(#
#......
...†#####[...#.#.#P...PP#
#......
...##.##.....#.#.#...÷÷.#
#......
....))'......#'#†#..PPP.#
#......
...#..'........#.#......#
######.
...##.'........#@#PP....#
##
...##.##.......#J#.J....#
...######......##'PP.PP.#
...# ##########...÷..#
...# ######## ...# ...#
####


You could see a jelly.

Vanquished Creatures
  2 jellies (D:2)
  4 adders (D:2)
  10 oozes
  A leopard gecko (D:1)
  5 bats
  5 giant cockroaches
  5 goblins
  3 hobgoblins
  2 frilled lizards (D:1)
  11 kobolds
  6 rats
54 creatures vanquished.

Vanquished Creatures (others)
  A fungus (D:2)
  5 toadstools (D:2)
6 creatures vanquished.

Grand Total: 60 creatures vanquished

Notes
Turn   | Place    | Note
-------+----------+-------------------------------------------
     0 | D:1      | keltmir the Demonspawn Gladiator began the quest for the Orb.
     0 | D:1      | Reached XP level 1. HP: 16/16 MP: 1/1
    41 | D:1      | Reached skill level 3 in Polearms
    41 | D:1      | Gained mutation: You have a pair of small horns on your head. [demonic ancestry]
    41 | D:1      | Reached XP level 2. HP: 22/22 MP: 2/2
   502 | D:2      | Reached skill level 1 in Armour
   516 | D:2      | Reached XP level 3. HP: 28/28 MP: 3/3
   793 | D:2      | Gained mutation: You are surrounded by a mild repulsion field. (EV +2) [demonic ancestry]
   793 | D:2      | Reached XP level 4. HP: 34/34 MP: 4/4
  1062 | D:2      | Reached skill level 4 in Polearms
  1064 | D:2      | Gained mutation: When hurt, damage is shared between your health and your magic reserves. [demonic ancestry]
  1064 | D:2      | Reached XP level 5. HP: 27/41 MP: 5/5
  1086 | D:2      | Splashed by a jelly's acid

Skill      XL: |  1  2  3  4  5 |
---------------+----------------+-----
Polearms       | 3 4 |  4.4
Armour         | 1 2 |  2.1
Fighting       | 3 |  3.2
Throwing       | |  1.7
Dodging        | |  2.6

Action                   |  1- 3 |  4- 6 || total
-------------------------+-------+-------++-------
Melee: Trident           |    86 |    49 ||   135
       Headbutt          |     4 |    11 ||    15
Throw: Throwing net      |     4 |       ||     4
       Tomahawk          |     5 |     7 ||    12
  Use: Scroll            |     4 |       ||     4
 Stab: Sleeping          |     1 |       ||     1
  Eat: Chunk             |       |     1 ||     1
Armor: Leather armour    |    15 |     5 ||    20
Dodge: Dodged            |    42 |    29 ||    71
